 Dungeon Crawl Stone Soup version 0.27-a0-287-gd4424db430 (webtiles) character file.

Game seed: 93986600173443913

1982 namelastname112 the Skirmisher (level 9, -6/72 (78) HPs)
             Began as a Black Draconian Delver on Feb 9, 2021.
             Was an Initiate of Gozag.
             Mangled by a wight
             ... wielding a +4 halberd
              (13 damage)
             ... on level 7 of the Dungeon.
             The game lasted 00:11:40 (9035 turns).

namelastname112 the Skirmisher (DrDe)               Turns: 9035, Time: 00:11:40

HP:   -6/72 (78)    AC: 12    Str: 22    XL:     9   Next: 1%
MP:   9/9           EV: 15    Int: 10    God:    Gozag
Gold: 306           SH:  0    Dex: 15    Spells: 8/8 levels left

rFire    + . .     SeeInvis .   D - +5 trident "Tukobb" {drain, rElec}
rCold    . . .     Faith    .   (no shield)
rNeg     . . .     Spirit   .   (armour unavailable)
rPois    .         Reflect  .   j - +1 hat
rElec    +         Harm     .   r - +1 cloak {rCorr}
rCorr    +         Rampage  .   t - +0 pair of gloves
Will     .....                  n - +0 pair of boots
Stlth    +++.......             (no amulet)
HPRegen  0.22/turn              s - +6 ring of strength
MPRegen  0.11/turn              k - ring of protection from fire

@: short of breath, drained
A: breathe lightning, unfitting armour, electricity resistance, cold-blooded, AC
+7
a: Breathe Lightning, Renounce Religion, Potion Petition, Call Merchant, Bribe
Branch


You were on level 7 of the Dungeon.
You worshipped Gozag.
Gozag was aware of your devotion.
You visited 2 branches of the dungeon, and saw 8 of its levels.

You collected 622 gold pieces.
You spent 210 gold pieces at shops.
You paid 106 gold pieces to Gozag.

Inventory:

Hand Weapons
 g - a +5 battleaxe
 D - the +5 trident "Tukobb" (weapon) {drain, rElec}
   (You found it on level 6 of the Dungeon)

   A truly terrible weapon, it drains the life of those it strikes.
   It insulates you from electricity.
Missiles
 o - 7 curare-tipped darts (quivered)
Armour
 j - a +1 hat (worn)
 n - a +0 pair of boots (worn)
 r - a +1 cloak of preservation (worn)
 t - a +0 pair of gloves (worn)
Magical Staves
 p - an uncursed staff of conjuration
Jewellery
 k - a ring of protection from fire (right hand)
 s - a +6 ring of strength (left hand)
 A - an uncursed ring of wizardry
Wands
 f - a wand of digging (3)
 w - a wand of mindburst (10)
 y - a wand of flame (5)
Scrolls
 b - a scroll of fog
 c - 3 scrolls of magic mapping
 d - 8 scrolls of identify
 h - a scroll of teleportation
 z - 2 scrolls of immolation
Potions
 e - 3 potions of haste
 i - 3 potions of cancellation
 l - 2 potions of flight
 m - a potion of heal wounds
 q - 4 potions of brilliance
 v - a potion of resistance {unknown}
 x - 4 potions of curing
 B - 2 potions of lignification


   Skills:
 + Level 6.7 Fighting
 - Level 5.3 Long Blades
 + Level 1.4(1.6) Axes
 - Level 1.0(1.4) Polearms
 + Level 4.4 Throwing
 + Level 5.2 Dodging
 - Level 6.6 Stealth


You had 8 spell levels left.
You didn't know any spells.
Your spell library was empty.

Dungeon Overview and Level Annotations

Branches:
Dungeon (7/15)             Temple (1/1) D:4

Altars:
Ashenzari
Cheibriados
Dithmenos
Elyvilon
Fedhas
Gozag
Hepliaklqana
Kikubaaqudgha
Makhleb
Nemelex Xobeh
Okawaru
Qazlal
Ru
Sif Muna
Uskayaw
Vehumet
Wu Jian
Xom
Yredelemnul

Shops:
D:5 [

Annotations:
D:3 2 runed translucent doors, psychodelta's ghost, amateur GrFi
D:4 2 transporters, namelastname112's ghost, weakling DrDe


Innate Abilities, Weirdness & Mutations

You can breathe wild blasts of lightning.
Your glossy black scales are hard. (AC +7)
You cannot fit into any form of body armour.
You are resistant to electric shocks. (rElec)
You are cold-blooded and may be slowed by cold attacks.


Message History

* * * don't die
* * * You regained 8 hp, and now have 15/72 hp!
Press: ? - help, v - describe, ! - travel
Here: a wight, wielding a +4 halberd and wearing a +0 robe (moderately damaged)
The floor!
Unknown command!
Aiming: Mindburst
Press: ? - help, Shift-Dir - straight line, f - wight
Aim: a wight, wielding a +4 halberd and wearing a +0 robe (moderately damaged, chance to affect: 65%)
The wight's mind is blasted!!!
The wight hits you with a +4 halberd!!! * * * don't die
* * * You take 8 damage, and have 7/72 hp!
Aiming: Mindburst
Press: ? - help, Shift-Dir - straight line, f/p - wight
Aim: a wight, wielding a +4 halberd and wearing a +0 robe (almost destroyed, chance to affect: 65%)
The wight struggles to resist!
You hear the loud creaking of a distant portcullis!
The wight hits you with a +4 halberd!!! rip Your body crumbles into a pile of gold!

.,...........####............#...
.,##......#........#...#.....#*..
.>#..................#.#.....####
.##.)...>.#,*,****#...........)##
.<........#.#,# ##...#!....#o)<
#######.###.#.* ###..###.....####
#.# *.#.*##...## #######
#.##*..,*#$z### #..#*.#*##@##
***** ##.##.# #.$# ,,,,* #...#*
#.## ***,######.####.#
*,*............>#
*,*##..########## *,,..,,*
*,***,,* *,*,,,,*


You could see a wight.

Vanquished Creatures
  Grinder (D:6)
  Duvessa (D:6)
  An ice beast (D:6)
  An orc warrior (D:6)
  An ogre (D:6)
  A necrophage (D:6)
  2 centaurs
  4 bullfrogs
  A scorpion (D:5)
  Dowan (D:6)
  7 wights (D:7)
  A howler monkey (D:6)
  A hound (D:6)
  A bullfrog skeleton (D:5)
  An iguana (D:6)
  An orc wizard (D:6)
  7 worker ants
  A hound skeleton (D:6)
  3 gnolls
  A howler monkey skeleton (D:6)
  6 adders
  A white imp (D:5)
  An ooze (D:3)
  3 worms (D:3)
  3 dart slugs (D:2)
  2 leopard geckos
  7 orcs
  7 giant cockroaches
  10 hobgoblins
  6 jackals
  3 ball pythons
  8 bats
  6 frilled lizards
  A giant cockroach zombie (D:6)
  12 goblins
  12 kobolds
  A leopard gecko skeleton (D:4)
  A quokka skeleton (D:4)
  13 rats
141 creatures vanquished.

Vanquished Creatures (others)
  6 plants (D:4)
6 creatures vanquished.

Grand Total: 147 creatures vanquished

Notes
Turn   | Place    | Note
-------+----------+-------------------------------------------
     0 | D:5      | namelastname112 the Draconian Delver began the quest for
                  | the Orb.
     0 | D:5      | Reached XP level 1. HP: 19/19 MP: 1/1
     4 | D:4      | Noticed a worker ant
    88 | D:3      | Noticed a bullfrog
   288 | D:2      | Reached XP level 2. HP: 26/26 MP: 2/2
   756 | D:1      | Reached XP level 3. HP: 30/31 MP: 3/3
  1859 | D:2      | Reached XP level 4. HP: 19/40 MP: 4/4
  2575 | D:2      | Killed a bullfrog
  2576 | D:2      | Reached skill level 1 in Throwing
  2576 | D:2      | Reached skill level 5 in Stealth
  2576 | D:2      | Reached XP level 5. HP: 20/46 MP: 5/5
  3540 | D:3      | Found a large runed translucent door.
  3543 | D:3      | Found a large runed translucent door.
  3558 | D:3      | Noticed psychodelta's ghost (amateur GrFi)
  3991 | D:3      | Found an ancient bone altar of Kikubaaqudgha.
  4788 | D:4      | Found a transporter.
  4848 | D:4      | Reached XP level 6. HP: 28/53 MP: 6/6
  5227 | D:4      | Found a transporter.
  5234 | D:4      | Noticed namelastname112's ghost (weakling DrDe)
  5361 | D:4      | Found a staircase to the Ecumenical Temple.
  5372 | Temple   | Entered the Ecumenical Temple
  5668 | Temple   | Became a worshipper of Gozag Ym Sagoz the Greedy
  5793 | D:5      | Found Xasauteo's Antique Armour Shop.
  6127 | D:5      | Your scales start taking on a glossy black colour.
  6127 | D:5      | Reached XP level 7. HP: 46/60 MP: 7/7
  6127 | D:5      | Gained mutation: You are resistant to electric shocks.
                  | (rElec) [Black Draconian growth]
  6963 | D:6      | Reached skill level 5 in Fighting
  7182 | D:6      | Noticed Grinder
  7215 | D:6      | Paralysed by Grinder for 6 turns
  7232 | D:6      | Paralysed by Grinder for 5 turns
  7238 | D:6      | Killed Grinder
  7239 | D:6      | Reached XP level 8. HP: 30/70 MP: 8/8
  7463 | D:5      | Bought a glowing cloak for 210 gold pieces
  7566 | D:6      | Found a sacrificial altar of Ru.
  7854 | D:6      | Noticed Dowan
  7857 | D:6      | Reached skill level 5 in Long Blades
  7859 | D:6      | Killed Dowan
  7869 | D:6      | Noticed Duvessa
  7885 | D:6      | Killed Duvessa
  8063 | D:6      | Got an ivory trident
  8064 | D:6      | Identified the +5 trident "Tukobb" {drain, rElec} (You
                  | found it on level 6 of the Dungeon)
  8259 | D:6      | Reached skill level 1 in Polearms
  8648 | D:6      | Reached skill level 5 in Dodging
  9013 | D:7      | Reached skill level 1 in Axes
  9024 | D:7      | Reached XP level 9. HP: 30/74 MP: 9/9
  9035 | D:7      | Mangled by a wight

Illustrated notes

Levels and vault maps discovered:
D:1:      amcnicky_arrival_underground_garden, layout_loops_ring
D:2:      layout_basic
D:3:      layout_basic, kiku_gazebo_garden_becter, ebering_ghost_disaster_area,
          minmay_fractal_squares_gapless_5
D:4:      layout_cave_pools, temple_statues, gammafunk_ghost_gnarly_gnolls
D:5:      layout_layer_cave, serial_shops, shop
D:6:      layout_loops_ring, nicolae_ru_sacrificial_ziggurat, uniq_grinder,
          uniq_duvessa
D:7:      layout_rooms, zin_angel, enter_bailey_7, grunt_decor_cap,
          minmay_microvault, uniq_harold
Temple:   minmay_temple_bridge_d

Skill      XL: |  1  2  3  4  5  6  7  8 |
---------------+-------------------------+-----
Dodging        | 2 3 4 5 |  5.2
Fighting       | 4 5 6 |  6.7
Long Blades    | 3 4 5 |  5.3
Throwing       | 1 2 3 4 |  4.4
Stealth        | 5 6 |  6.6
Polearms       | 1 |  1.0
Axes           | 1 |  1.4

Action                   |  1- 3 |  4- 6 |  7- 9 || total
-------------------------+-------+-------+-------++-------
Melee: Falchion          |   146 |   158 |       ||   304
       Tailslap          |    22 |    35 |    32 ||    89
       Long sword        |       |       |    89 ||    89
       Unarmed           |       |       |    10 ||    10
       Trident           |       |       |    46 ||    46
       Battleaxe         |       |       |     6 ||     6
Throw: Dart              |       |     2 |     1 ||     3
 Abil: Breathe Lightning |       |       |     8 ||     8
Evoke: Wand              |       |     2 |     2 ||     4
  Use: Scroll            |     1 |    15 |     4 ||    20
       Potion            |       |       |     7 ||     7
 Stab: Sleeping          |    11 |     5 |     2 ||    18
       Distracted        |       |       |     3 ||     3
Armor: Skin              |    47 |    45 |    49 ||   141
Dodge: Dodged            |   109 |   144 |   123 ||   376
       Rpst.: Falchion   |    37 |    43 |       ||    80
       Long sword        |       |       |    19 ||    19

Table legend: (Time is in decaauts)
 A = Elapsed time spent in this place.
 B = Non-inter-level travel time spent in this place.
 C = Inter-level travel time spent in this place.
 D = Time resting spent in this place.
 E = Time spent auto-exploring this place.
 F = Levels seen in this place.
 G = Mean time per level.
                   A        B        C        D        E       F      G
               +--------+--------+--------+--------+--------+-----+--------+
         Total |   9094 |   8691 |    403 |   2283 |   4939 |   8 | 1136.8 |
       Dungeon |   8728 |   8464 |    264 |   2283 |   4715 |   7 | 1246.9 |
        Temple |    365 |    226 |    139 |      0 |    224 |   1 |  365.0 |
               +--------+--------+--------+--------+--------+-----+--------+

Top non-repeatable levels by time:
     D:2: 1771 daAuts
     D:3: 1590 daAuts
     D:5: 1537 daAuts
     D:6: 1467 daAuts
     D:1: 1141 daAuts
     D:4: 956 daAuts
  Temple: 365 daAuts
     D:7: 264 daAuts
